 Dungeon Crawl Stone Soup version 0.18-a0-662-gcaceebc (webtiles) character file.

70 GeneralIdiocy the Insei (level 4, 10/35 HPs)
             Began as a Demonspawn Monk on Dec 5, 2015.
             Quit the game on level 2 of the Dungeon on Dec 6, 2015.
             The game lasted 00:02:05 (1331 turns).

GeneralIdiocy the Insei (Demonspawn Monk)           Turns: 1331, Time: 00:02:05

Health: 10/35      AC:  6    Str: 11    XL:     4   Next: 4%
Magic:  4/4        EV: 12    Int: 12    God:
Gold:   57         SH:  0    Dex: 16    Spells: 0 memorised, 3 levels left

rFire  . . .     SeeInvis .       - Unarmed
rCold  + . .     Clarity  .     j - +0 leather armour
rNeg   . . .     SustAt   .     (no shield)
rPois  +         Gourm    .     e - +0 helmet
rElec  .         Spirit   .     (no cloak)
rCorr  .         Dismiss  .     (no gloves)
rMut   .         Stasis   .     (no boots)
MR     .....                    (no amulet)
Stlth  ++........               (no ring)
                                i - ring of poison resistance

@: mildly poisoned (10 -> 7), not resistant to hostile enchantments, unstealthy
A: talons 1, slimy green scales 1, cold resistance 1
a: no special abilities


You were on level 2 of the Dungeon.
You were not hungry.

You visited 1 branch of the dungeon, and saw 2 of its levels.

You collected 57 gold pieces.

Inventory:

Missiles
 h - 7 tomahawks (quivered)
Armour
 e - a +0 helmet (worn)
 j - a +0 leather armour (worn)
Jewellery
 i - a ring of poison resistance (left hand)
Scrolls
 a - a scroll of recharging {unknown}
 d - a scroll of identify
 f - 2 scrolls of random uselessness {unknown}
Potions
 c - a potion of haste
Comestibles
 b - 2 bread rations
 g - 2 chunks of flesh


   Skills:
 - Level 3.0 Fighting
 - Level 2.6 Dodging
 - Level 1.7 Stealth
 + Level 5.1 Unarmed Combat


You had 3 spell levels left.
You didn't know any spells.

Dungeon Overview and Level Annotations

Branches:
Dungeon (2/15)

Altars:


Innate Abilities, Weirdness & Mutations

You have sharp toenails.
You are partially covered in slimy green scales (AC +2).
Your flesh is cold resistant.


Message History

The adder is heavily wounded.
You feel sick. The adder bites you.
You are too injured to fight recklessly!
You are too injured to fight recklessly!
You hit the adder.
The adder is almost dead.
The adder bites you.
All of the chunks of flesh in your inventory have rotted away.
You hit the adder.
You kill the adder!
You have reached level 4!
You feel clever.
Your demonic ancestry asserts itself...
Your toenails lengthen and sharpen.
You feel sick.
You see here an adder corpse.
You butcher the adder corpse.
g - 2 chunks of flesh You see here an adder skeleton.
You feel sick.
Are you sure you want to abandon this character and quit the game? (Confirm with "yes".)

#.#....#.#.......#.##...
##.######.#...#.###.##...
#.........#.......#......
#..#....#####.#.#....#...
#####..#..........#.####.#...
#...#..#.....................
#.#.####.#.#..###.#.#.#..#..)
#.#.#....#.#..# #.#.#.#......
#.#.#.#..#.#@.###.#.#.#.####.
#.#...#..#.#..#.......#......
##.########.#..[..............
#...........#..#.#............
#############..#.#.##########.
#.......#.#.####### #.
#.###.###.#.#.....# ##. #.#
#.....#.......# #..
###.###########[....# #..


There were no monsters in sight!

Vanquished Creatures
  4 adders (D:2)
  A worm (D:2)
  A giant gecko (D:1)
  2 bats
  4 hobgoblins
  2 jackals (D:1)
  A ball python (D:2)
  A giant newt (D:2)
  6 goblins
  5 kobolds
  7 rats
34 creatures vanquished.

Notes
Turn   | Place    | Note
--------------------------------------------------------------
     0 | D:1      | GeneralIdiocy the Demonspawn Monk began the quest for the Orb.
     0 | D:1      | Reached XP level 1. HP: 18/18 MP: 1/1
   153 | D:1      | Reached skill level 4 in Unarmed Combat
   154 | D:1      | Gained mutation: Your flesh is cold resistant. [demonic ancestry]
   154 | D:1      | Reached XP level 2. HP: 22/24 MP: 2/2
   846 | D:2      | Gained mutation: You are partially covered in slimy green scales (AC +2). [demonic ancestry]
   846 | D:2      | Reached XP level 3. HP: 14/29 MP: 3/3
  1180 | D:2      | Reached skill level 5 in Unarmed Combat
  1327 | D:2      | Gained mutation: You have sharp toenails. [demonic ancestry]
  1327 | D:2      | Reached XP level 4. HP: 12/35 MP: 4/4
  1331 | D:2      | Quit the game

Vault maps used:
D:1:      elethiomel_arrival_infinity_welcomes_careful_drivers
D:2:      nicolae_overflow_hidden_temple, nemelex_diamond_rough_becter

Action                   |  1- 3 |  4- 6 || total
-------------------------+-------+-------++-------
Melee: Unarmed           |   106 |       ||   106
  Use: Potion            |     1 |       ||     1
       Scroll            |     2 |       ||     2
 Stab: Sleeping          |     5 |       ||     5
  Eat: Chunk             |     1 |       ||     1
